 Dungeon Crawl Stone Soup version 0.22-a0-135-g6f012ad (webtiles) character file.

3106 Azzok the Severer (level 9, -7/70 HPs)
             Began as a Minotaur Fighter on Feb 1, 2018.
             Was a Believer of Okawaru.
             Mangled by an ogre
             ... wielding a +0 giant club
              (12 damage)
             ... on level 8 of the Dungeon.
             The game lasted 00:17:02 (6468 turns).

Azzok the Severer (Minotaur Fighter)                Turns: 6468, Time: 00:17:03

Health: -7/70      AC:  9    Str: 23    XL:     9   Next: 60%
Magic:  8/8        EV:  8    Int:  6    God:    Okawaru [**....]
Gold:   203        SH: 11    Dex: 10    Spells: 8/8 levels left

rFire    + . .     SeeInvis .   b - +2 hand axe (venom)
rCold    + . .     Gourm    .   h - +2 shield
rNeg     . . .     Faith    +   z - +0 chain mail
rPois    .         Spirit   .   (helmet restricted)
rElec    .         Reflect  .   q - scarf {rC+ rF+}
rCorr    .         Harm     .   (no gloves)
MR       .....                  (no boots)
Stlth    ..........             e - amulet of faith
HPRegen  0.21/turn              w - +3 ring of evasion
MPRegen  0.11/turn              (no ring)

@: no status effects
A: retaliatory headbutt, horns 2
a: Heroism, Renounce Religion


You were on level 8 of the Dungeon.
You worshipped Okawaru.
Okawaru was pleased with you.
You were not hungry.

You visited 2 branches of the dungeon, and saw 9 of its levels.

You collected 319 gold pieces.
You spent 116 gold pieces at shops.

Inventory:

Hand Weapons
 a - a +0 broad axe
 b - a +2 hand axe of venom (weapon)
Armour
 g - a +0 cloak
 h - a +2 shield (worn)
 q - a scarf of resistance (worn)
 z - a +0 chain mail (worn)
Jewellery
 e - an amulet of faith (around neck)
 w - a +3 ring of evasion (left hand)
Wands
 o - a wand of iceblast (2)
 v - a wand of disintegration (13)
 y - a wand of paralysis (9)
Scrolls
 c - 4 scrolls of teleportation
 i - 2 scrolls of remove curse
 l - 3 scrolls of enchant weapon
 m - 2 scrolls of fog
 r - a scroll of identify
 t - 2 scrolls of amnesia
 u - 3 scrolls of blinking
 D - a scroll of fear {unknown}
Potions
 d - a potion of might
 j - 3 potions of haste {unknown}
 k - a potion of cancellation {unknown}
 n - 5 potions of curing
 p - a potion of lignification {unknown}
 x - a potion of agility {unknown}
 A - a potion of berserk rage {unknown}
 B - a potion of degeneration {unknown}
 C - a potion of magic {unknown}
 E - a potion of invisibility {unknown}
Comestibles
 f - 11 rations
 F - 9 chunks of flesh


   Skills:
 - Level 3.6 Fighting
 * Level 15.3 Axes
 - Level 3.6 Armour
 - Level 3.6 Shields


You had 8 spell levels left.
You didn't know any spells.

Dungeon Overview and Level Annotations

Branches:
Dungeon (8/15)             Temple (1/1) D:6
   Lair: D:8-11

Altars:
Ashenzari
Cheibriados
Dithmenos
Elyvilon
Fedhas
Gozag
Hepliaklqana
Kikubaaqudgha
Makhleb
Nemelex Xobeh
Okawaru
Qazlal
Ru
Sif Muna
Trog
Uskayaw
Vehumet
Wu Jian
Xom
Yredelemnul
Zin
The Shining One

Shops:
D:7 [[*?[


Innate Abilities, Weirdness & Mutations

You reflexively headbutt those who attack you in melee.
You have a pair of horns on your head.


Message History

The two-headed ogre hits you with a giant club!!
You hit the two-headed ogre.
The two-headed ogre looks as sick as possible!
You headbutt the two-headed ogre, but do no damage.
The two-headed ogre is heavily wounded.
The two-headed ogre hits you with a giant club! x2
* * * LOW HITPOINT WARNING * * *
An ogre comes into view. It is wielding a giant club.
The ogre shouts!
You fail to use your ability.
The ogre hits you with a giant club!
* * * LOW HITPOINT WARNING * * *
You hit the ogre.
The ogre is poisoned.
Your headbutt misses the ogre.
The ogre is lightly wounded.
Your chain mail prevents you from hitting the two-headed ogre.
You block the two-headed ogre's attack. x2
You slash the ogre!
The ogre looks as sick as possible!
The ogre is severely wounded.
You completely miss the two-headed ogre.
The ogre hits you with a giant club!
You die...

▒··▒·····▒▒·▒·▒▒▒▒▒·▒▒▒·▒▒▒▒▒▒▒▒
▒··▒▒·▒···▒·········[···········
▒·····▒·▒·▒·▒·····▒·▒▒▒·▒▒▒▒▒▒▒▒
▒▒········▒·▒▒▒···▒·▒▒▒·▒▒▒▒▒▒▒
▒▒▒▒▒▒▒▒·▒>···················
▒·▒▒·▒▒·▒▒▒·▒·▒·▒▒▒▒▒▒▒
▒·▒▒·▒······▒···▒
▒·▒▒·▒▒▒▒▒▒····O······
▒·▒···O@O·············
▒▒▒▒▒▒▒·▒▒▒▒▒▒▒▒▒···········
▒·······▒▒▒▒ ▒▒▒▒▒▒▒▒····
▒·▒▒▒▒▒····▒ ···· ▒·▒▒╬▒▒▒ ···
▒·▒····▒ o··o ▒·▒▒▒▒▒······▒
▒▒··· ▒············▒ ·····
▒·▒▒▒▒▒··▒·▒▒▒ ·····▒


You could see a two-headed ogre and an ogre.

Vanquished Creatures
  A manticore (D:7)
  Sigmund (D:6)
  Menkaure (D:6)
  An ice beast (D:5)
  2 black bears
  A phantom (D:7)
  2 ogres
  A crocodile (D:8)
  2 centaurs
  3 bullfrogs
  6 scorpions
  5 killer bees (D:8)
  A howler monkey (D:5)
  2 crimson imps
  A centaur zombie (D:7)
  A hound (D:7)
  A quasit (D:7)
  3 orc priests
  6 orc wizards
  Crazy Yiuf (D:3)
  A bullfrog skeleton (D:6)
  Jessica (D:2)
  Ijyb (D:2)
  Natasha (twice) (D:2)
  5 worker ants
  A worker ant zombie (D:7)
  Robin (D:2)
  4 gnolls
  6 adders
  3 oozes
  An adder zombie (D:7)
  2 adder skeletons (D:7)
  3 worms (D:2)
  3 dart slugs
  2 leopard geckos
  20 orcs
  6 giant cockroaches
  25 goblins
  8 hobgoblins
  8 jackals
  7 quokkas
  5 ball pythons
  8 bats
  3 frilled lizards
  11 kobolds
  2 quokka skeletons (D:4)
  13 rats
194 creatures vanquished.

Notes
Turn   | Place    | Note
-------+----------+-------------------------------------------
     0 | D:1      | Azzok the Minotaur Fighter began the quest for the Orb.
     0 | D:1      | Reached XP level 1. HP: 19/19 MP: 0/0
     4 | D:1      | Reached skill level 3 in Axes
    77 | D:1      | Reached XP level 2. HP: 25/26 MP: 1/1
   292 | D:1      | Reached skill level 4 in Axes
   472 | D:1      | Reached XP level 3. HP: 28/31 MP: 2/2
   692 | D:2      | Noticed Jessica
   715 | D:2      | Killed Jessica
   715 | D:2      | Reached skill level 5 in Axes
   715 | D:2      | Reached XP level 4. HP: 39/39 MP: 3/3
   953 | D:2      | Noticed Robin
   975 | D:2      | Killed Robin
   975 | D:2      | Reached skill level 6 in Axes
  1159 | D:2      | Noticed Ijyb
  1207 | D:2      | Killed Ijyb
  1207 | D:2      | Reached XP level 5. HP: 44/45 MP: 4/4
  1439 | D:2      | Noticed Natasha
  1445 | D:2      | Killed Natasha
  1553 | D:2      | Reached skill level 7 in Axes
  1739 | D:2      | Noticed Natasha
  1742 | D:2      | Killed Natasha
  1821 | D:3      | Noticed an ogre
  1831 | D:3      | Killed an ogre
  1831 | D:3      | Reached skill level 8 in Axes
  1831 | D:3      | Reached XP level 6. HP: 30/51 MP: 5/5
  2233 | D:3      | Found a runed door.
  2237 | D:3      | Noticed Crazy Yiuf
  2239 | D:3      | Killed Crazy Yiuf
  2899 | D:4      | Found a bloodstained altar of Trog.
  3086 | D:4      | Reached skill level 9 in Axes
  3161 | D:4      | Reached XP level 7. HP: 54/57 MP: 6/6
  3461 | D:5      | Entered Level 5 of the Dungeon
  3646 | D:5      | Reached skill level 10 in Axes
  3684 | D:5      | Found a blossoming altar of Fedhas.
  3995 | D:5      | Reached skill level 11 in Axes
  4163 | D:6      | Noticed Sigmund
  4172 | D:6      | Killed Sigmund
  4172 | D:6      | Reached XP level 8. HP: 45/64 MP: 7/7
  4176 | D:6      | Reached skill level 12 in Axes
  4407 | D:6      | Found a shattered altar of Ashenzari.
  4496 | D:6      | Found a staircase to the Ecumenical Temple.
  4502 | Temple   | Entered the Ecumenical Temple
  4547 | Temple   | Became a worshipper of Warmaster Okawaru
  4683 | D:6      | Noticed Menkaure
  4693 | D:6      | Killed Menkaure
  4693 | D:6      | Reached skill level 13 in Axes
  4774 | D:6      | Found an iron altar of Okawaru.
  5040 | D:7      | Found Soazimi's Magic Scroll Shop.
  5048 | D:7      | Found Ryorr's Armour Emporium.
  5054 | D:7      | Bought a scroll of identify for 24 gold pieces
  5054 | D:7      | Bought a scroll of identify for 24 gold pieces
  5054 | D:7      | Bought a scroll of identify for 24 gold pieces
  5110 | D:7      | Found Dirphugyu's General Store.
  5125 | D:7      | Bought a potion of curing for 33 gold pieces
  5125 | D:7      | Bought a scroll of random uselessness for 11 gold pieces
  5137 | D:7      | Reached * piety under Okawaru
  5146 | D:7      | Found Iroothet's Antique Armour Shoppe.
  5186 | D:7      | Reached XP level 9. HP: 66/70 MP: 8/8
  5384 | D:7      | Reached skill level 14 in Axes
  5567 | D:7      | Found Ugugat's Antique Armour Shop.
  5680 | D:7      | Reached ** piety under Okawaru
  5818 | D:7      | Noticed a manticore
  5827 | D:7      | Killed a manticore
  6129 | D:8      | Reached skill level 15 in Axes
  6432 | D:8      | Noticed a two-headed ogre
  6468 | D:8      | Mangled by an ogre

Vault maps used:
D:1:      onia_arrival_handbag
D:2:      kennysheep_the_goblin_king, uniq_robin, uniq_natasha, uniq_jessica
D:3:      hex_intersection, hangedman_abyss_or_decor_lesser_grid,
          kennysheep_generic_room_9, uniq_crazy_yiuf_cottage
D:4:      bloody_trog, first_ration
D:5:      basic_altar
D:6:      minmay_temple_entry_enclosed_plants, basic_altar,
          okawaru_altar_gauntlet_db, uniq_sigmund, uniq_menkaure
D:7:      serial_shops, shop, shop, shop, shop, nicolae_shop_behind_doors
Temple:   nicolae_temple_the_god_donut

Skill      XL: |  1  2  3  4  5  6  7  8  9 |
---------------+----------------------------+-----
Axes           | 3 4 5 6 8 9 11 13 15 | 15.3
Fighting       | |  3.6
Armour         | |  3.6
Shields        | |  3.6

Action                   |  1- 3 |  4- 6 |  7- 9 || total
-------------------------+-------+-------+-------++-------
Melee: War axe           |    76 |   104 |       ||   180
       Headbutt          |     4 |    30 |    44 ||    78
       Hand axe          |       |    57 |   237 ||   294
Evoke: Wand              |       |       |     5 ||     5
  Use: Scroll            |       |       |     6 ||     6
       Potion            |       |       |     1 ||     1
  Eat: Chunk             |       |     7 |     8 ||    15
       Ration            |       |       |     1 ||     1
Armor: Scale mail        |    29 |    48 |    48 ||   125
Dodge: Dodged            |    19 |    33 |    70 ||   122
Block: Shield            |    57 |    96 |   110 ||   263

Table legend:
 A = Spawn XP
 B = Non-spawn XP
 C = Spawn XP percentage of total XP
 D = Spawn monster count
 E = Non-spawn monster count
 F = Spawn count percentage of total count
 G = Total turns spent on level
                    A         B        C        D         E        F      G
               +---------+---------+-------+---------+---------+-------+---------
         Total |       0 |    4438 |   0.0 |       0 |     194 |   0.0 |  6468
               +---------+---------+-------+---------+---------+-------+---------
           D:1 |       0 |      57 |   0.0 |       0 |      27 |   0.0 |   685
           D:2 |       0 |     255 |   0.0 |       0 |      51 |   0.0 |  1093
           D:3 |       0 |     220 |   0.0 |       0 |      23 |   0.0 |  1067
           D:4 |       0 |     375 |   0.0 |       0 |      18 |   0.0 |   616
           D:5 |       0 |     499 |   0.0 |       0 |       8 |   0.0 |   657
           D:6 |       0 |    1134 |   0.0 |       0 |      30 |   0.0 |   863
           D:7 |       0 |    1371 |   0.0 |       0 |      29 |   0.0 |  1074
           D:8 |       0 |     527 |   0.0 |       0 |       8 |   0.0 |   354
               +---------+---------+-------+---------+---------+-------+---------
